AoeStats
← 等我升精锐

Arena

509406131Analyzed
4v4 RM · 7d ago on Sep 26, 2026· 39m 1s· 8 players
Game mode
Random Map
Map size
Large (8 player)
Population
200
Speed
Normal
Resources
Standard
Victory
Conquest
Starting age
Dark Age
Ending age
Imperial Age
RankedLock teamsTeams togetherTeam positionsShared explorationLock speedFull tech treeHidden civsTurbo modeCheats
Victory
Defeat
🇺🇸 Britons · United States
1199
+17
🇵🇪 Khmer · Peru
1186
+18
🇨🇦 Varangians · Canada
1151
+19
🇦🇷 Italians · Argentina
1141
+20
🇨🇳 Bulgarians · China
1281
-21
🇨🇳 Poles · China
1271
-20
🇫🇮 Persians · Finland
1255
-20
🇪🇸 Bohemians · Spain
1098
-13
eward17
10:08 Feudal Age
13:43 Castle Age
12:25 Double-Bit Axe
12:36 Horse Collar
14:43 Bow Saw
21:21 Wheelbarrow
22:04 Heavy Plow
23:55 Gold Mining
24:00 Stone Mining
24:44 Hand Cart
29:05 Imperial Age
27:07 Scale Barding Armor
27:12 Forging
28:10 Chain Barding Armor
28:16 Ballistics
28:35 Bloodlines
28:25 Husbandry
27:54 Vendel Legacy
29:57 Cavalier
31:25 Plate Barding Armor
31:25 Iron Casting
33:00 Two-Man Saw
33:02 Conscription
35:50 Blast Furnace
36:31 Loom
36:32 Town Watch
38:08 Siege Engineers
39:04 Chemistry
38:14 Masonry
37:46 Treadmill Crane
38:01 Murder Holes
38:19 Fortified Wall
Senshi
11:09 Feudal Age
15:10 Castle Age
14:27 Horse Collar
14:58 Fletching
15:08 Gold Mining
16:30 Crossbowman
21:45 Loom
26:22 Stone Mining
29:47 Double-Bit Axe
33:23 Bodkin Arrow
34:55 Padded Archer Armor
35:57 Leather Archer Armor
36:19 Yeomen
39:47 Imperial Age
38:10 Ballistics
39:38 Scale Barding Armor
SS4M00
6:58 Loom
9:37 Feudal Age
10:20 Double-Bit Axe
12:34 Horse Collar
16:27 Castle Age
16:09 Gold Mining
16:55 Scale Barding Armor
17:51 Forging
18:36 Husbandry
19:14 Bow Saw
21:59 Wheelbarrow
24:24 Iron Casting
29:11 Imperial Age
27:31 Heavy Plow
30:49 Crop Rotation
31:05 Elite Battle Elephant
32:30 Bloodlines
32:46 Stone Mining
33:34 Gold Shaft Mining
32:24 Light Cavalry
35:54 Stone Shaft Mining
36:43 Chain Barding Armor
38:16 Blast Furnace
37:34 Hand Cart
37:04 Town Watch
Sabio Pervertido
3:57 Loom
12:01 Feudal Age
16:18 Castle Age
14:19 Double-Bit Axe
14:16 Horse Collar
14:59 Stone Mining
18:33 Fletching
21:17 Padded Archer Armor
24:08 Bodkin Arrow
25:50 Ballistics
26:16 Leather Archer Armor
29:37 Gold Mining
30:29 Wheelbarrow
30:18 Town Watch
34:27 Imperial Age
33:53 Bow Saw
34:28 Elite Genoese Crossbowman
35:14 Bracer
37:02 Chemistry
37:19 Ring Archer Armor
37:07 Hand Cart
38:05 Scale Mail Armor
38:49 Heavy Plow
40:17 Two-Man Saw
39:29 Forging
DANERID
0:31 Loom
11:22 Feudal Age
15:32 Castle Age
14:00 Double-Bit Axe
14:07 Horse Collar
17:51 Chemistry
18:14 Wheelbarrow
19:07 Padded Archer Armor
30:11 Leather Archer Armor
32:32 Bow Saw
33:35 Crossbowman
Jkun
5:40 Loom
6:39 Loom
11:03 Feudal Age
15:16 Castle Age
13:29 Double-Bit Axe
13:26 Horse Collar
17:59 Bow Saw
21:04 Loom
21:55 Heavy Plow
24:07 Wheelbarrow
27:07 Gold Mining
27:41 Scale Barding Armor
28:09 Bloodlines
27:59 Husbandry
28:25 Hand Cart
30:42 Imperial Age
28:39 Stone Mining
28:36 Town Watch
29:13 Chain Barding Armor
29:03 Forging
29:55 Szlachta Privileges
30:56 Iron Casting
30:59 Stone Shaft Mining
29:56 Light Cavalry
31:06 Cavalier
32:49 Blast Furnace
32:11 Conscription
35:03 Chemistry
36:00 Scale Mail Armor
36:31 Fortified Wall
37:21 Crop Rotation
38:49 Town Patrol
等我升精锐
10:58 Feudal Age
14:39 Castle Age
12:33 Double-Bit Axe
13:21 Loom
13:37 Horse Collar
15:33 Bow Saw
15:25 Fletching
24:10 Bodkin Arrow
28:59 Stone Mining
Jusa
6:49 Loom
10:39 Feudal Age
14:48 Castle Age
13:11 Double-Bit Axe
13:42 Horse Collar
15:26 Bow Saw
20:58 Gold Mining
23:40 Stone Mining
25:16 Wheelbarrow
25:58 Gold Shaft Mining
26:50 Bloodlines
28:02 Hand Cart
30:52 Imperial Age
28:49 Scale Barding Armor
28:54 Forging
29:39 Stone Shaft Mining
29:36 Husbandry
30:01 Chain Barding Armor
30:16 Iron Casting
30:28 Cavalier
30:38 Capped Ram
31:43 Heavy Camel Rider
33:27 Conscription
34:16 Chemistry
34:21 Ballistics
34:14 Masonry
35:26 Two-Man Saw
36:14 Savar
37:50 Heavy Plow
38:25 Fletching
39:58 Plate Barding Armor
Connection lost

Rejoining the realm…

Still unreachable

The connection could not be restored.

Session expired

The server has moved on; the page needs a fresh start.